 Dungeon Crawl Stone Soup version 0.28.0-53-g5a82cb258f (webtiles) character file.

Game seed: 15308016984955845974

1003 Descartes the Charlatan (level 8, -6/57 HPs)
             Began as a Minotaur Wanderer on July 27, 2022.
             Was an Initiate of Gozag.
             Splashed by a jelly's acid (12 damage)
             ... on level 6 of the Dungeon.
             The game lasted 00:12:07 (7839 turns).

Descartes the Charlatan (Minotaur Wanderer)         Turns: 7839, Time: 00:12:07

Health: -6/57      AC: -11   Str: 20    XL:     8   Next: 0%
Magic:  7/7        EV: 11    Int:  7    God:    Gozag
Gold:   188        SH:  0    Dex: 11    Spells: 7/7 levels left

rFire   . . .      SeeInvis +   b - +2 whip (freeze)
rCold   + + +      Faith    .   (no shield)
rNeg    . . .      Spirit   .   y - +4 skin of Zhor {*Englaciate rC+++ SInv}
rPois   .          Reflect  .   (helmet restricted)
rElec   .          Harm     .   J - +1 cloak
rCorr   .          Rampage  .   (no gloves)
Will    .....                   (no boots)
Stlth   +.........              (no amulet)
HPRegen 0.19/turn               H - ring "Pydeag" {rC+ AC+4}
MPRegen 0.10/turn               (no ring)

@: corroded
A: horns 2, retaliatory headbutt
a: Renounce Religion, Potion Petition, Call Merchant, Bribe Branch


You were on level 6 of the Dungeon.
You worshipped Gozag.
Gozag was aware of your devotion.
You visited 2 branches of the dungeon, and saw 7 of its levels.

You collected 258 gold pieces.
You paid 70 gold pieces to Gozag.

Inventory:

Hand Weapons
 a - a +0 hunting sling
 b - a +2 whip of freezing (weapon)
 p - a +0 whip of electrocution
 I - a +4 quarterstaff of chaos
Missiles
 c - 9 sling bullets
 f - 96 stones
 q - 53 bolts
 s - 10 poisoned darts
 v - 27 arrows
 z - 3 atropa-tipped darts
 A - 6 boomerangs
 B - a throwing net
Armour
 d - a +0 scale mail
 y - the +4 skin of Zhor (worn) {*Englaciate rC+++ SInv}
   (You found it on level 3 of the Dungeon)

   It radiates cold, occasionally slowing all nearby creatures who are not
   resistant to cold.
   rC:        It renders you almost immune to cold.
   SInv:      It lets you see invisible.
 J - a +1 cloak (worn)
Jewellery
 H - the ring "Pydeag" (left hand) {rC+ AC+4}
   (You took it off an orc on level 5 of the Dungeon)

   [ring of protection]

   AC:        It affects your AC (+4).
   rC:        It protects you from cold.
Wands
 g - a wand of acid (1) (quivered)
Scrolls
 e - 2 scrolls of vulnerability {unknown}
 h - a scroll of immolation {unknown}
 i - 4 scrolls of identify {unknown}
 j - a scroll of enchant armour {unknown}
 l - a scroll of fog {unknown}
 m - 3 scrolls of teleportation {unknown}
 n - a scroll of amnesia {unknown}
 o - 2 scrolls of torment {unknown}
 C - a scroll of magic mapping {unknown}
 G - 2 scrolls of summoning {unknown}
Potions
 k - a potion of degeneration {unknown}
 r - 2 potions of attraction {unknown}
 t - 2 potions of curing
 u - a potion of ambrosia {unknown}
 w - 2 potions of haste {unknown}
 x - 2 potions of resistance {unknown}
 D - 2 potions of lignification {unknown}
 E - a potion of cancellation {unknown}
 F - 2 potions of heal wounds {unknown}


   Skills:
 + Level 3.7 Maces & Flails
 + Level 5.0(5.5) Slings
 + Level 3.5 Bows
 + Level 3.4 Crossbows
 + Level 3.2(4.4) Throwing
 - Level 4.1 Armour
 + Level 1.2 Dodging
 + Level 1.5 Shields
 + Level 5.5 Evocations


You had 7 spell levels left.
You didn't know any spells.
Your spell library contained the following spells:

 Spells                   Type           Power      Damage    Failure   Level
 Sting                    Tmut/Pois      0%         1d3       43%         1
 Summon Small Mammal      Summ           0%         N/A       43%         1
 Poisonous Vapours        Pois/Air       0%         N/A       56%         2
 Call Canine Familiar     Summ           0%         N/A       80%         3
 Summon Guardian Golem    Hex/Summ       0%         N/A       80%         3
 Animate Dead             Necr           0%         N/A       99%         4
 Olgreb's Toxic Radiance  Pois           0%         N/A       99%         4
 Haunt                    Necr/Summ      0%         N/A       100%        7
 Infestation              Necr           0%         N/A       100%        8


Dungeon Overview and Level Annotations

Branches:
Dungeon (6/15)             Temple (1/1) D:4

Altars:
Ashenzari
Cheibriados
Dithmenos
Elyvilon
Fedhas
Gozag
Hepliaklqana
Kikubaaqudgha
Nemelex Xobeh
Qazlal
Ru
Sif Muna
Uskayaw
Wu Jian
Xom
Yredelemnul
Zin
The Shining One


Innate Abilities, Weirdness & Mutations

You have a pair of horns on your head.
You reflexively headbutt those who attack you in melee.


Message History

You are too injured to fight recklessly!
Unknown command.
You are too injured to fight recklessly!
Unknown command.
You are too injured to fight recklessly!
Unknown command.
The jelly hits you. The acid corrodes you!
You are splashed with acid!
You hit the jelly but do no damage.
Your hands burn!
* * * LOW HITPOINT WARNING * * *
Your headbutt misses the jelly.
The jelly is almost dead.
You radiate an aura of cold.
The jelly seems to slow down.
The adder seems to slow down.
You hit the jelly but do no damage.
Your hands burn!
* * * LOW HITPOINT WARNING * * *
You headbutt the jelly, but do no damage.
The jelly is almost dead.
The jelly closely misses you. You furiously retaliate!
You headbutt the jelly, but do no damage.
You hit the jelly but do no damage.
Your hands burn!
* * * LOW HITPOINT WARNING * * *
Your headbutt misses the jelly.
The jelly is almost dead.
You radiate an aura of cold.
The jelly seems to slow down.
The adder seems to slow down.
You hit the jelly but do no damage.
Your hands burn!
* * * LOW HITPOINT WARNING * * *
The jelly is almost dead.
You radiate an aura of cold.
The jelly seems to slow down.
The adder seems to slow down.
The jelly hits you.
* * * LOW HITPOINT WARNING * * *
The acid corrodes you!
You are splashed with acid!
* * * LOW HITPOINT WARNING * * *
Okay, then.
Okay, then.
It was a potion of curing.
You feel better. The jelly hits you.
* * * LOW HITPOINT WARNING * * *
You are splashed with acid!
You die...
Your body crumbles into a pile of gold.

..# $ ... #.#
. #.# ...
#.####....
######.......#
#<......S#
#.######J# #.#
#@# #.# #.#
#.# $... #.#
##?#. #.#
#.#.# #.. ..#
# ###


You could see a jelly (slow) and an adder (slow).

Vanquished Creatures
  Sigmund (D:2)
  A necrophage (D:2)
  An ice beast (D:3)
  3 scorpions
  A water moccasin skeleton (D:5)
  A centaur zombie (D:5)
  Crazy Yiuf (D:5)
  An orc priest (D:4)
  2 hounds
  A bullfrog skeleton (D:5)
  3 iguanas
  An orc wizard (D:4)
  A hound skeleton (D:5)
  4 adders
  2 ufetubi
  3 worms
  A dart slug (D:4)
  8 orcs
  7 endoplasms
  2 giant cockroaches
  6 goblins
  8 hobgoblins
  10 jackals
  7 kobolds
  3 quokkas
  4 ball pythons
  5 bats
  3 frilled lizards
  3 rats (D:2)
94 creatures vanquished.

Notes
Turn   | Place    | Note
-------+----------+-------------------------------------------
     0 | D:1      | Descartes the Minotaur Wanderer began the quest for the
                  | Orb.
     0 | D:1      | Descartes set off with the following items: a +0 hunting
                  | sling, a wand of acid (3), 18 sling bullets, a +0 scale
                  | mail
     0 | D:1      | Reached XP level 1. HP: 14/14 MP: 0/0
   326 | D:1      | Reached XP level 2. HP: 20/20 MP: 1/1
   496 | D:1      | Reached skill level 1 in Crossbows
   768 | D:2      | Reached XP level 3. HP: 26/26 MP: 2/2
   784 | D:2      | Noticed Sigmund
   786 | D:2      | Reached skill level 1 in Maces & Flails
   940 | D:1      | Reached skill level 1 in Bows
  2166 | D:2      | Found Joero's Distillery.
  2662 | D:2      | Killed Sigmund
  2663 | D:2      | Reached skill level 1 in Throwing
  2663 | D:2      | Reached XP level 4. HP: 24/33 MP: 3/3
  2663 | D:2      | Reached XP level 5. HP: 27/38 MP: 4/4
  3670 | D:3      | Noticed a necrophage
  3688 | D:2      | Killed a necrophage
  3689 | D:2      | Reached skill level 5 in Evocations
  3689 | D:2      | Reached XP level 6. HP: 36/45 MP: 5/5
  4237 | D:3      | Noticed an ice beast
  4250 | D:3      | Killed an ice beast
  4524 | D:3      | Found the +4 skin of Zhor {*Englaciate rC+++ SInv}
  4962 | D:4      | Reached XP level 7. HP: 34/50 MP: 6/6
  5931 | D:4      | Found a staircase to the Ecumenical Temple.
  6325 | D:5      | Entered Level 5 of the Dungeon
  6334 | D:5      | Found a hazy altar of Hepliaklqana.
  6446 | Temple   | Entered the Ecumenical Temple
  6945 | D:5      | Reached skill level 1 in Dodging
  6945 | D:5      | Reached skill level 1 in Shields
  7277 | D:5      | Identified the ring "Pydeag" {rC+ AC+4}
  7308 | D:5      | Found an opulent altar of Gozag.
  7317 | D:5      | Became a worshipper of Gozag Ym Sagoz the Greedy
  7345 | D:5      | Reached skill level 5 in Slings
  7452 | D:5      | Found a runed translucent door.
  7453 | D:5      | Noticed Crazy Yiuf
  7664 | D:5      | Killed Crazy Yiuf
  7665 | D:5      | Reached XP level 8. HP: 46/57 MP: 7/7
  7838 | D:6      | HP: 1/57 [acid (9)]
  7839 | D:6      | Splashed by a jelly's acid

Illustrated notes

Levels and vault maps discovered:
D:1:      dpeg_arrival_pits, layout_rooms
D:2:      layout_basic, serial_shops, shop, minivault_11, uniq_sigmund
D:3:      layout_basic
D:4:      layout_layer_cave, minmay_temple_entry_from_below_a
D:5:      layout_cave_pods, lemuel_round_altar, marbit_many_paths,
          uniq_crazy_yiuf_cottage
D:6:      layout_loops_corners, lemuel_coloured_pillars_altar
Temple:   eino_temple_scatter_basement

Skill      XL: |  1  2  3  4  5  6  7 |
---------------+----------------------+-----
Crossbows      | 1 2 3 |  3.4
Maces & Flails | 2 3 |  3.7
Bows           | 2 3 |  3.5
Slings         | 4 5 |  5.0
Throwing       | 1 2 3 |  3.2
Armour         | 3 4 |  4.1
Evocations     | 5 |  5.5
Dodging        | 1 |  1.2
Shields        | 1 |  1.5

Action                   |  1- 3 |  4- 6 |  7- 9 || total
-------------------------+-------+-------+-------++-------
Melee: Whip              |    31 |    32 |    51 ||   114
       Headbutt          |     2 |     6 |    14 ||    22
       Punch             |       |       |     1 ||     1
 Fire: Hunting sling     |   109 |    92 |    86 ||   287
Evoke: Wand              |     2 |       |       ||     2
  Use: Potion            |       |       |     1 ||     1
Armor: Scale mail        |    29 |    12 |       ||    41
       Animal skin       |       |    11 |    20 ||    31
Dodge: Dodged            |    19 |    27 |    47 ||    93
